 Dungeon Crawl Stone Soup version 0.28.0-45-g0d030f2227 (webtiles) character file.

Game seed: 7249061874943858707

5777 nickcage the Bludgeoner (level 10, -11/77 HPs)
             Began as a Minotaur Abyssal Knight on Apr 11, 2022.
             Was a Priest of Lugonu.
             Mangled by a centaur warrior
             ... wielding a +0 spear
              (15 damage)
             ... on level 9 of the Dungeon.
             The game lasted 00:18:49 (9955 turns).

nickcage the Bludgeoner (Minotaur Abyssal Knight)   Turns: 9955, Time: 00:18:50

Health: -11/77     AC: 11    Str: 27    XL:     10   Next: 50%
Magic:  10/10      EV:  8    Int:  7    God:    Lugonu [***...]
Gold:   484        SH:  0    Dex: 12    Spells: 9/9 levels left

rFire   . . .      SeeInvis .   n - +2 whip (venom)
rCold   . . .      Faith    .   (no shield)
rNeg    . . .      Spirit   .   j - +0 chain mail
rPois   .          Reflect  +   l - +2 hat
rElec   .          Harm     .   f - +0 cloak
rCorr   .          Rampage  .   (no gloves)
Will    +....                   (no boots)
Stlth   ..........              m - amulet of reflection
HPRegen 0.22/turn               c - ring of willpower
MPRegen 0.12/turn               g - +6 ring of strength

@: confused, ambrosia-drunk
A: horns 2, retaliatory headbutt
a: Renounce Religion, Depart the Abyss, Bend Space, Banish


You were on level 9 of the Dungeon.
You worshipped Lugonu.
Lugonu was most pleased with you.
You visited 2 branches of the dungeon, and saw 10 of its levels.
You visited the Abyss 1 time.

You collected 509 gold pieces.
You spent 25 gold pieces at shops.

Inventory:

Hand Weapons
 a - a +1 mace
 n - a +2 whip of venom (weapon)
 E - a +2 scimitar of flaming
Armour
 b - a +0 leather armour
 f - a +0 cloak (worn)
 j - a +0 chain mail (worn)
 l - a +2 hat (worn)
 s - a +0 cloak
 D - a +1 hat of see invisible
Jewellery
 c - a ring of willpower (left hand)
 g - a +6 ring of strength (right hand)
 m - an amulet of reflection (around neck)
 q - a ring of poison resistance
 x - an amulet of faith
Wands
 d - a wand of polymorph (5)
 h - a wand of flame (18)
 o - a wand of digging (5)
 F - a wand of iceblast (3)
Scrolls
 e - 2 scrolls of amnesia
 i - 5 scrolls of identify
 k - 2 scrolls of vulnerability
 r - 4 scrolls of teleportation
 u - a scroll of acquirement {unknown}
 w - a scroll of silence {unknown}
 y - a scroll of enchant armour {unknown}
 C - a scroll of immolation
Potions
 t - a potion of curing {unknown}
 v - 2 potions of heal wounds {unknown}
 z - a potion of might {unknown}
 A - 2 potions of magic {unknown}
 B - a potion of lignification


   Skills:
 - Level 3.6 Fighting
 + Level 18.2 Maces & Flails
 - Level 2.4 Armour
 - Level 1.1 Dodging
 - Level 1.0 Shields
 - Level 1.7 Invocations
 - Level 1.1 Evocations


You had 9 spell levels left.
You didn't know any spells.
Your spell library contained the following spells:

 Spells                   Type           Power      Damage    Failure   Level
 Ensorcelled Hibernation  Hex/Ice        0%         N/A       99%         2
 Spider Form              Tmut/Pois      0%         N/A       100%        3
 Summon Guardian Golem    Hex/Summ       0%         N/A       100%        3
 Anguish                  Hex/Necr       0%         N/A       100%        4
 Orb of Destruction       Conj           0%         9d5       100%        7
 Spellforged Servitor     Conj/Summ      0%         N/A       100%        7


Dungeon Overview and Level Annotations

Branches:
Dungeon (9/15)             Temple (1/1) D:4
   Lair: D:8-11         Orc: D:9-12

Altars:
Ashenzari
Cheibriados
Dithmenos
Elyvilon
Fedhas
Gozag
Hepliaklqana
Kikubaaqudgha
Makhleb
Nemelex Xobeh
Okawaru
Qazlal
Ru
Sif Muna
Trog
Uskayaw
Vehumet
Wu Jian
Xom
Yredelemnul
Zin
The Shining One

Shops:
D:2 [   D:5 *[   D:6 (

Annotations:
D:7 3 runed translucent doors, AverageBear's ghost, novice DDFi
D:8 1 runed translucent door, NinjaNoafa's ghost, novice MfGl


Innate Abilities, Weirdness & Mutations

You have a pair of horns on your head.
You reflexively headbutt those who attack you in melee.


Message History

The centaur warrior unwields a +0 spear.
The centaur warrior wields a +0 longbow.
The centaur warrior shoots an arrow.
The arrow hits you!
The centaur warrior shoots an arrow.
The arrow closely misses you.
You see here a steam dragon corpse.
The centaur warrior shoots an arrow.
You reflect the arrow off an invisible shield around you!
The arrow hits the centaur warrior!!
The centaur warrior shoots an arrow.
You reflect the arrow off an invisible shield around you!
The arrow barely misses the centaur warrior.
The centaur warrior shoots an arrow.
The arrow hits you!!
* * * LOW HITPOINT WARNING * * *
The centaur warrior unwields a +0 longbow.
The centaur warrior wields a +0 spear.
The centaur warrior hits you with a +0 spear.
* * * LOW HITPOINT WARNING * * *
The centaur warrior barely misses you.
You are confused.
You feel invigorated.
The centaur warrior hits you with a +0 spear!
* * * LOW HITPOINT WARNING * * *
The centaur warrior barely misses you.
You hit the centaur warrior. You headbutt the centaur warrior.
The centaur warrior is heavily wounded.
The centaur warrior hits you with a +0 spear!
* * * LOW HITPOINT WARNING * * *
The centaur warrior kicks you but does no damage.
You hit the centaur warrior. You headbutt the centaur warrior!
The centaur warrior is severely wounded.
You whack the centaur warrior!
The centaur warrior is almost dead.
The centaur warrior hits you with a +0 spear.
* * * LOW HITPOINT WARNING * * *
The centaur warrior kicks you but does no damage.
You bump into the rock wall.
The centaur warrior hits you with a +0 spear.
* * * LOW HITPOINT WARNING * * *
The centaur warrior kicks you but does no damage.
The centaur warrior hits you with a +0 spear!
You die...

####### ###.....##
#..@c....## .......###.##..#
#########...##.# .
####≈≈≈≈###.....#.#####....
##≈§§.†...##..⌠.≈#..........
#§≈(..#....#...≈≈##.####....
#≈.⌠..##...c.≈≈≈###.########
#.....###≈≈≈≈####....[.....#
##...## ###### #.#.######.#


You could see a centaur warrior.

Vanquished Creatures
  Gastronok (D:9)
  A two-headed ogre (D:8)
  Erica (D:9)
  Maurice (D:8)
  Prince Ribbit (D:8)
  3 yaks (D:8)
  2 steam dragons
  A water moccasin (D:7)
  A hornet zombie (D:8)
  2 sky beasts (D:7)
  A black bear (D:4)
  An ice beast (D:5)
  A necrophage (D:7)
  2 centaurs
  An ogre (D:7)
  A phantom (D:7)
  3 bullfrogs
  A scorpion (D:5)
  A killer bee (D:5)
  4 wights (D:8)
  2 centaur zombies
  5 hounds
  2 jellies
  An orc priest (D:4)
  4 bullfrog skeletons
  Crazy Yiuf (D:5)
  A centaur skeleton (D:5)
  2 gnoll shamans
  A scorpion zombie (D:5)
  2 iguanas
  Ijyb (D:4)
  A hound skeleton (D:4)
  A mummy (D:6)
  10 gnolls
  5 adders
  A shadow imp (D:7)
  2 white imps
  An ufetubus (D:5)
  3 worms (D:2)
  3 dart slugs
  8 orcs
  7 bats
  7 endoplasms
  3 giant cockroaches
  5 goblins
  10 hobgoblins
  2 jackals (D:1)
  2 quokkas (D:1)
  8 ball pythons
  4 frilled lizards
  6 kobolds
  6 rats
147 creatures vanquished.

Vanquished Creatures (others)
  A steam dragon (D:9)
  2 plants (D:8)
3 creatures vanquished.

Grand Total: 150 creatures vanquished

Notes
Turn   | Place    | Note
-------+----------+-------------------------------------------
     0 | Abyss:1  | nickcage the Minotaur Abyssal Knight began the quest for
                  | the Orb.
     0 | Abyss:1  | Reached XP level 1. HP: 19/19 MP: 1/1
    37 | D:1      | Escaped the Abyss
    84 | D:1      | Found a faded altar of an unknown god.
   143 | D:1      | Reached skill level 3 in Maces & Flails
   235 | D:1      | Reached * piety under Lugonu
   310 | D:1      | Reached XP level 2. HP: 26/26 MP: 2/2
   799 | D:1      | Reached skill level 4 in Maces & Flails
   872 | D:1      | Reached XP level 3. HP: 26/31 MP: 3/3
  1368 | D:2      | Found a shimmering blue altar of Sif Muna.
  1379 | D:2      | Found Ruurr's Armour Shop.
  1705 | D:2      | Reached skill level 5 in Maces & Flails
  1888 | D:2      | Reached ** piety under Lugonu
  2331 | D:3      | You fall into a shaft and drop 3 floors!
  2338 | D:6      | Reached XP level 4. HP: 30/39 MP: 4/4
  2403 | D:6      | Reached skill level 6 in Maces & Flails
  2485 | D:6      | Reached XP level 5. HP: 20/45 MP: 5/5
  2696 | D:5      | Entered Level 5 of the Dungeon
  2771 | D:4      | Found a sparkling altar of Nemelex Xobeh.
  2783 | D:4      | Reached skill level 7 in Maces & Flails
  3449 | D:4      | Noticed Ijyb
  3459 | D:3      | Reached XP level 6. HP: 25/51 MP: 6/6
  3622 | D:4      | Killed Ijyb
  3669 | D:4      | Reached skill level 8 in Maces & Flails
  4001 | D:4      | Found a shimmering altar of Xom.
  4007 | D:4      | Found a shimmering altar of Xom.
  4010 | D:4      | Found a staircase to the Ecumenical Temple.
  4026 | D:4      | Found a glowing silver altar of Zin.
  4076 | D:4      | Found a shimmering altar of Xom.
  4080 | D:4      | Found a shimmering altar of Xom.
  4080 | D:4      | Found a shimmering altar of Xom.
  4083 | D:4      | Noticed a steam dragon
  4098 | Temple   | Entered the Ecumenical Temple
  4620 | D:4      | Killed a steam dragon
  4621 | D:4      | Reached skill level 9 in Maces & Flails
  4782 | D:4      | Reached XP level 7. HP: 47/57 MP: 7/7
  4860 | D:4      | Reached skill level 1 in Shields
  5553 | D:5      | Found Zesyon's Assorted Antiques.
  5600 | D:5      | Bought a scroll labelled SOYNY NUMPUC for 25 gold pieces
  5625 | D:5      | Reached skill level 10 in Maces & Flails
  6120 | D:5      | Reached skill level 11 in Maces & Flails
  6126 | D:5      | Found Margaret's Dragon-Slaying Spoils.
  6335 | D:5      | Found a burning altar of Makhleb.
  6346 | D:5      | Found an opulent altar of Gozag.
  6378 | D:5      | Reached XP level 8. HP: 61/64 MP: 8/8
  6626 | D:5      | Found a runed translucent door.
  6627 | D:5      | Noticed Crazy Yiuf
  6633 | D:5      | Killed Crazy Yiuf
  6817 | D:6      | Found Leyvis's Weapon Emporium.
  7257 | D:7      | Reached skill level 12 in Maces & Flails
  7395 | D:7      | Reached skill level 13 in Maces & Flails
  7698 | D:7      | Found a runed translucent gate.
  7698 | D:7      | Found a runed translucent gate.
  7698 | D:7      | Found a runed translucent gate.
  7699 | D:7      | Noticed AverageBear's ghost (novice DDFi)
  7711 | D:7      | Reached *** piety under Lugonu
  8059 | D:8      | Noticed Prince Ribbit
  8068 | D:8      | Killed Prince Ribbit
  8069 | D:8      | Reached skill level 14 in Maces & Flails
  8069 | D:8      | Reached XP level 9. HP: 52/70 MP: 9/9
  8360 | D:8      | Found a broken altar of Ashenzari.
  8652 | D:8      | Noticed a two-headed ogre
  8703 | D:8      | Killed a two-headed ogre
  8704 | D:8      | Reached skill level 15 in Maces & Flails
  8704 | D:8      | Reached skill level 1 in Evocations
  8834 | D:8      | Reached skill level 16 in Maces & Flails
  9141 | D:8      | Noticed Maurice
  9197 | D:8      | Killed Maurice
  9198 | D:8      | Reached XP level 10. HP: 75/77 MP: 10/10
  9235 | D:8      | Found a runed translucent door.
  9238 | D:8      | Noticed NinjaNoafa's ghost (novice MfGl)
  9238 | D:8      | Identified the +0 trident "Arbiter" {venom, Fly rF+ rN+}
  9330 | D:9      | Noticed Gastronok
  9353 | D:9      | Killed Gastronok
  9354 | D:9      | Reached skill level 17 in Maces & Flails
  9599 | D:9      | Noticed Erica
  9620 | D:9      | Killed Erica
  9621 | D:9      | Reached skill level 18 in Maces & Flails
  9933 | D:9      | Noticed a centaur warrior
  9955 | D:9      | Mangled by a centaur warrior

Illustrated notes

Levels and vault maps discovered:
D:1:      saegor_arrival_simple_c, layout_loops_corners,
          chequers_ecumenical_altar_simple
D:2:      layout_loops_ring, serial_shops, nicolae_shop_hallway_stairs,
          basic_altar
D:3:      layout_basic
D:4:      layout_basic, xom_redecorated, nemelex_diamond_rough_becter,
          mainiacjoe_overflow_alcove_4, minmay_temple_entry_statues,
          kennysheep_generic_room_8, uniq_ijyb
D:5:      layout_loops_corners, mainiacjoe_overflow_large_starburst,
          serial_shops, nicolae_shop_stone, nicolae_shop_dragon_depot,
          uniq_crazy_yiuf_cottage
D:6:      layout_basic, gup_ossuary_entry_pyramid, serial_shops, kennysheep_mini
D:7:      layout_layer_cave, gammafunk_ghost_split
D:8:      layout_rooms, evilmike_ruin_ashenzari, ebering_ghost_funeral_grove,
          uniq_maurice, uniq_prince_ribbit1
D:9:      cheibrodos_steamvent, layout_basic, uniq_erica, uniq_gastronok
Temple:   regret_index_temple_sphere_string

Skill      XL: |  1  2  3  4  5  6  7  8  9 10 |
---------------+-------------------------------+-----
Maces & Flails | 3 4 5 6 7 9 11 14 16 18 | 18.2
Shields        | 1 |  1.0
Evocations     | 1 |  1.1
Fighting       | |  3.6
Armour         | |  2.4
Dodging        | |  1.1
Invocations    | |  1.7

Action                   |  1- 3 |  4- 6 |  7- 9 | 10-12 || total
-------------------------+-------+-------+-------+-------++-------
Melee: Mace              |   103 |    66 |       |       ||   169
       Headbutt          |    17 |    15 |    69 |    17 ||   118
       Punch             |     1 |       |     5 |     1 ||     7
       Whip              |       |    43 |   267 |    46 ||   356
Invok: Depart the Abyss  |     1 |       |       |       ||     1
Evoke: Wand              |       |       |     2 |       ||     2
  Use: Scroll            |       |       |     8 |       ||     8
       Potion            |       |       |       |     1 ||     1
Armor: Leather armour    |    32 |       |       |       ||    32
       Chain mail        |    12 |    37 |    72 |    20 ||   141
Dodge: Dodged            |    63 |    37 |    48 |    14 ||   162
Block: Other             |       |    13 |    31 |     8 ||    52
       Reflection        |       |       |     5 |     2 ||     7
